 Dungeon Crawl Stone Soup version 0.16.1 (webtiles) character file.

224 Fiveotanaka the Cudgeler (level 5, 0/42 HPs)
             Began as a Minotaur Assassin on Mar 24, 2015.
             Slain by an orc
             ... wielding a +0 trident
              (1 damage)
             ... on level 3 of the Dungeon.
             The game lasted 00:04:06 (2549 turns).

Fiveotanaka the Cudgeler (Minotaur Assassin)        Turns: 2549, Time: 00:04:06

Health: 0/42       AC:  6    Str: 16    XL:     5   Next: 67%
Magic:  2/2        EV: 10    Int: 13    God:
Gold:   61         SH:  0    Dex: 12    Spells: 0 memorised, 4 levels left

rFire  . . .     SeeInvis .     n - +0 flail
rCold  . . .     Clarity  .     o - +0 ring mail (curse)
rNeg   . . .     SustAb   .     (no shield)
rPois  .         Gourm    .     (helmet restricted)
rElec  .         Spirit   .     d - +0 cloak
rCorr  .         Warding  .     (no gloves)
rMut   .         Stasis   .     (no boots)
MR     .....                    (no amulet)
Stlth  +.........               (no ring)
                                (no ring)

@: brilliant, lethally poisoned (0 -> -50), not resistant to hostile
enchantments, very unstealthy
A: retaliatory headbutt, horns 2
a: no special abilities


You were on level 3 of the Dungeon.
You were not hungry.

You visited 1 branch of the dungeon, and saw 3 of its levels.

You collected 61 gold pieces.

Inventory:

Hand weapons
 b - a +0 blowgun
 h - a +0 whip
 n - a +0 flail (weapon)
Missiles
 e - 8 poisoned needles
 f - 2 curare-tipped needles
Armour
 d - a +0 cloak (worn)
 o - a cursed +0 ring mail (worn)
Scrolls
 i - a scroll of identify {unknown}
 j - a scroll of random uselessness {unknown}
Potions
 l - a potion of agility {unknown}
 m - a potion of mutation {unknown}
 p - a potion of heal wounds {unknown}
Comestibles
 c - 2 chunks of flesh
 g - 2 bread rations
 k - a meat ration


   Skills:
 - Level 2.4 Fighting
   Level 2.1 Short Blades
 + Level 6.7 Maces & Flails
 - Level 2.0 Throwing
 - Level 1.1 Dodging
 - Level 3.2 Stealth


You had 4 spell levels left.
You didn't know any spells.

Dungeon Overview and Level Annotations

Branches:
Dungeon (3/15)

Altars:
Fedhas


Innate Abilities, Weirdness & Mutations

You reflexively headbutt those who attack you in melee.
You have a pair of horns on your head.


Message History

You are more poisoned.
You hit something!
Reactivating autopickup.
You feel a bit more experienced.
You feel very sick. The orc hits you but does no damage.
You feel very sick. The orc hits you with a trident!
* * * LOW HITPOINT WARNING * * *
Items here: ) [ †† a dagger of venom; a robe; an orc corpse; an adder corpse You are too injured to fight recklessly!
You are too injured to fight recklessly!
Drink which item? (? for menu, Esc to quit)
It was a potion of brilliance.
You feel clever all of a sudden.
* * * LOW HITPOINT WARNING * * *
You feel very sick. The orc hits you with a trident.
You die...

#..##....##)# #..
#...#.##†##.# #.
##.#...##.##.. ##
###....####.###.#####
#....#.# #.# .##...
#..##.#.# #.# #...[##
...? #.#.# #.# ... .#
#.#.# ... ##.###
#@#.. ... #.... #o#..
... ##### #o##. #o# #
#r# #o# #.# #.# #.#


You could see an orc wizard, 3 orcs and a quokka.

Vanquished Creatures
  An orc priest (D:2)
  2 orc wizards
  Jessica (D:3)
  4 adders
  A gnoll (D:1)
  A giant mite (D:1)
  A worm (D:2)
  A giant gecko (D:2)
  12 orcs (D:3)
  4 goblins (D:2)
  9 hobgoblins
  2 jackals (D:2)
  A ball python (D:1)
  2 bats
  2 giant cockroaches
  4 giant newts
  5 kobolds
  5 rats
58 creatures vanquished.

Notes
Turn   | Place    | Note
--------------------------------------------------------------
     0 | D:1      | Fiveotanaka, the Minotaur Assassin, began the quest for the Orb.
     0 | D:1      | Reached XP level 1. HP: 18/18 MP: 1/1
   304 | D:1      | Reached XP level 2. HP: 25/25 MP: 1/1
   655 | D:1      | Reached XP level 3. HP: 27/30 MP: 2/2
  1108 | D:2      | Reached skill level 4 in Maces & Flails
  1461 | D:2      | Reached XP level 4. HP: 27/37 MP: 2/2
  1590 | D:2      | Found a blossoming altar of Fedhas.
  1923 | D:3      | Noticed Jessica
  1937 | D:3      | Killed Jessica
  1937 | D:3      | Reached skill level 5 in Maces & Flails
  2300 | D:2      | Reached skill level 6 in Maces & Flails
  2300 | D:2      | Reached XP level 5. HP: 32/42 MP: 2/2
  2549 | D:3      | HP: 1/42 [poisoned by an orc wizard]
  2549 | D:3      | Slain by an orc

Action                   |  1- 3 |  4- 6 || total
-------------------------+-------+-------++-------
Melee: Whip              |   115 |    52 ||   167
       Flail             |       |    23 ||    23
  Use: Potion            |       |     1 ||     1
 Stab: Sleeping          |     1 |       ||     1
  Eat: Chunk             |     2 |     3 ||     5
